 Dungeon Sprint DCSS version 0.28-a0-79-g444c7a33f5 (webtiles) character file.

Game seed: 10827986434687752316

2115 Zeldest the Carver (level 9, -1/54 HPs)
             Began as a Vine Stalker Gladiator on Aug 2, 2021.
             Was a Priest of Cheibriados.
             Slain by a catoblepas (7 damage)
             ... while petrified by a catoblepas
             ... in the Dungeon (Sprint IX: "|||||||||||||||||||||||||||||").
             The game lasted 00:02:18 (181 turns).

Zeldest the Carver (Vine Stalker Gladiator)          Turns: 181, Time: 00:02:20

Health: -1/54      AC:  6    Str: 25    XL:     9   Next: 29%
Magic:  0/17       EV:  2    Int: 14    God:    Cheibriados [***...]
Gold:   0          SH:  0    Dex: 26    Spells: 8/8 levels left

rFire   . . .      SeeInvis .   k - +2 scimitar (flame)
rCold   . . .      Faith    .   (no shield)
rNeg    + + +      Spirit   +   j - +0 troll leather armour
rPois   ∞          Reflect  .   m - +0 helmet
rElec   .          Harm     .   (no cloak)
rCorr   .          Rampage  .   (no gloves)
Will    +....      NoTele   +   l - +0 pair of boots
Stlth   ++........              (no amulet)
HPRegen 2.18/turn               n - +3 ring of strength
MPRegen 0.15/turn               (no ring)

@: petrified, very slow
A: fangs 3, regeneration 1, magic shield, antimagic bite, no potion heal 2
a: Renounce Religion, Bend Time, Temporal Distortion


You were in the Dungeon.
You worshipped Cheibriados.
Cheibriados was most pleased with you.
You visited 1 branch

Inventory:

Hand Weapons
 a - a +0 long sword
 k - a +2 scimitar of flaming (weapon)
Missiles
 d - 2 throwing nets (quivered)
Armour
 b - a +0 leather armour
 c - a +0 helmet
 j - a +0 troll leather armour (worn)
 l - a +0 pair of boots (worn)
 m - a +0 helmet (worn)
Jewellery
 n - a +3 ring of strength (left hand)
 o - a +3 ring of intelligence
Scrolls
 h - 2 scrolls of amnesia
 i - 2 scrolls of blinking
Potions
 e - 5 potions of curing
 g - 4 potions of magic


   Skills:
 + Level 9.9 Fighting
 + Level 10.1 Long Blades
 - Level 2.7 Throwing
 + Level 9.3 Dodging
 + Level 9.4 Invocations


You had 8 spell levels left.
You didn't know any spells.
Your spell library was empty.

Dungeon Overview and Level Annotations

Branches:
Dungeon (1/1)

Altars:
Cheibriados
Dithmenos
Elyvilon
Fedhas
Gozag
Hepliaklqana
Kikubaaqudgha
Makhleb
Nemelex Xobeh
Okawaru
Qazlal
Ru
Sif Muna
Trog
Uskayaw
Vehumet
Wu Jian
Xom
Yredelemnul
Zin
The Shining One
Beogh
Jiyva
Lugonu


Innate Abilities, Weirdness & Mutations

You have razor-sharp teeth.
Your natural rate of healing is unusually fast.
When hurt, damage is shared between your health and your magic reserves.
Your bite disrupts and absorbs the magic of your enemies.
Potions cannot restore your health.


Message History

The catoblepas breathes a plume of calcifying dust at you.
The blast of calcifying dust hits the boulder beetle but does no damage.
The blast of calcifying dust hits you.
The boulder beetle is engulfed in calcifying dust.
The boulder beetle is moving more slowly.
The boulder beetle leaps!
You are engulfed in calcifying dust.
You are slowing down.
The catoblepas gores you!!
The skeletal warrior hits you from afar with a +0 trident.
* * * LOW HITPOINT WARNING * * *
The boulder beetle is engulfed in calcifying dust.
The boulder beetle stops moving altogether!
The catoblepas breathes a plume of calcifying dust at you.
The blast of calcifying dust hits you but does no damage.
The blast of calcifying dust hits the boulder beetle but does no damage.
The skeletal warrior barely misses you.
Your limbs are stiffening.
Blink to where?
Press: ? - help, Dir - move target, f - boulder beetle
Aim: a boulder beetle (calcifying dust, heavily wounded, petrified)
Okay, then.
You are engulfed in calcifying dust.
The boulder beetle is engulfed in calcifying dust. x2
The catoblepas completely misses you. The skeletal warrior barely misses you.
The boulder beetle is engulfed in calcifying dust.
Your magical contamination has completely faded away.
You have turned to stone.
You are engulfed in calcifying dust.
The catoblepas gores you!!
* * * LOW HITPOINT WARNING * * *
The skeletal warrior hits you from afar with a +0 trident.
* * * LOW HITPOINT WARNING * * *
The catoblepas breathes a plume of calcifying dust at you.
The blast of calcifying dust hits you.
* * * LOW HITPOINT WARNING * * *
The blast of calcifying dust hits the boulder beetle but does no damage.
The skeletal warrior hits you from afar with a +0 trident!
* * * LOW HITPOINT WARNING * * *
The boulder beetle is engulfed in calcifying dust.
You are engulfed in calcifying dust.
The catoblepas gores you!
You die...

▓+▓
▓.▓
▓c▓
▓c▓
▓z▓
▓Y▓
▓@▓
▓B▓
▓§▓
▓.▓
▓.▓
▓§▓
▓.▓
▓)▓
▓'▓


You could see a catoblepas, a boulder beetle (petrified), a skeletal warrior and
2 centaur warriors.

Vanquished Creatures
  2 two-headed ogres (D)
  An unseen horror (D)
  2 trolls (D)
  A howler monkey (D)
  A jelly (D)
  An iguana (D)
  An orc wizard (D)
  A gnoll (D)
  2 adders (D)
  A goblin (D)
  A hobgoblin (D)
  A ball python (D)
  A giant cockroach zombie (D)
  A rat (D)
17 creatures vanquished.

Notes
Turn   | Place    | Note
-------+----------+-------------------------------------------
     0 | D        | Zeldest the Vine Stalker Gladiator began the quest for the
                  | Orb.
     0 | D        | Reached XP level 1. HP: 11/11 MP: 2/2
    11 | D        | Reached skill level 3 in Long Blades
    11 | D        | Reached XP level 2. HP: 13/16 MP: 3/3
    28 | D        | Reached skill level 4 in Long Blades
    28 | D        | Reached XP level 3. HP: 7/20 MP: 4/4
    30 | D        | Gained mutation: Your natural rate of healing is unusually
                  | fast. [Vine Stalker growth]
    30 | D        | Reached XP level 4. HP: 6/25 MP: 3/5
    33 | D        | Reached skill level 5 in Long Blades
    40 | D        | Found a snail-covered altar of Cheibriados.
    40 | D        | Found a shadowy altar of Dithmenos.
    40 | D        | Found a white marble altar of Elyvilon.
    40 | D        | Found a blossoming altar of Fedhas.
    40 | D        | Found an opulent altar of Gozag.
    41 | D        | Found a hazy altar of Hepliaklqana.
    42 | D        | Found a viscous altar of Jiyva.
    43 | D        | Found an ancient bone altar of Kikubaaqudgha.
    44 | D        | Became a worshipper of Cheibriados the Contemplative
    45 | D        | Found a corrupted altar of Lugonu.
    46 | D        | Found a burning altar of Makhleb.
    47 | D        | Found a sparkling altar of Nemelex Xobeh.
    48 | D        | Found an iron altar of Okawaru.
    49 | D        | Found a stormy altar of Qazlal.
    50 | D        | Found a sacrificial altar of Ru.
    51 | D        | Found a shimmering blue altar of Sif Muna.
    52 | D        | Found a bloodstained altar of Trog.
    53 | D        | Found a hide-covered altar of Uskayaw.
    54 | D        | Found a radiant altar of Vehumet.
    55 | D        | Found an ornate altar of the Wu Jian Council.
    56 | D        | Found a shimmering altar of Xom.
    57 | D        | Found a basalt altar of Yredelemnul.
    58 | D        | Found a glowing silver altar of Zin.
    59 | D        | Found a glowing golden altar of the Shining One.
   101 | D        | Noticed a troll
   101 | D        | Noticed a two-headed ogre
   101 | D        | Noticed a two-headed ogre
   110 | D        | Reached skill level 1 in Invocations
   113 | D        | Killed a two-headed ogre
   113 | D        | Reached * piety under Cheibriados
   114 | D        | Reached skill level 8 in Long Blades
   114 | D        | Reached XP level 5. HP: 34/34 MP: 4/11
   114 | D        | Reached XP level 6. HP: 39/39 MP: 4/12
   114 | D        | Reached XP level 7. HP: 43/43 MP: 4/13
   116 | D        | Killed an unseen horror
   116 | D        | Reached ** piety under Cheibriados
   117 | D        | Gained mutation: You have razor-sharp teeth. [Vine Stalker
                  | growth]
   117 | D        | Reached XP level 8. HP: 32/48 MP: 2/14
   121 | D        | Killed a two-headed ogre
   122 | D        | Reached skill level 9 in Long Blades
   122 | D        | Reached XP level 9. HP: 20/53 MP: 4/16
   124 | D        | Killed a troll
   160 | D        | Noticed a centaur warrior
   160 | D        | Noticed a centaur warrior
   160 | D        | Noticed a skeletal warrior
   160 | D        | Noticed a catoblepas
   160 | D        | Noticed a boulder beetle
   160 | D        | Noticed a troll
   166 | D        | Killed a troll
   166 | D        | Reached *** piety under Cheibriados
   167 | D        | Reached skill level 10 in Long Blades
   181 | D        | Slain by a catoblepas

Illustrated notes

Levels and vault maps discovered:
D:        linesprint [early_d, line_temple, items_1, d_10, items_2, lair_1,
          lair_end, items_3, orc_1, orc_end, items_4, d_15, swamp_1, shoals_1,
          snake_1, spider_1, d_20, vaults_1, items_5, swamp_end, shoals_end,
          snake_end, spider_end, vaults_end, d_27, items_6, zot_1, zot_end,
          crypt_end, forest_end, elf_end, slime_end, tomb_end, abyss_end,
          pan_hell_end]

Skill      XL: |  1  2  3  4  5  6  7  8  9 |
---------------+----------------------------+-----
Fighting       | 2 3 4 8 9 |  9.9
Throwing       | 2 |  2.7
Long Blades    | 3 4 8 9 10 | 10.1
Dodging        | 3 4 7 8 9 |  9.3
Invocations    | 7 8 9 |  9.4

Action                   |  1- 3 |  4- 6 |  7- 9 || total
-------------------------+-------+-------+-------++-------
Melee: Long sword        |    17 |     4 |       ||    21
       Bite              |     5 |     1 |    17 ||    23
       Scimitar          |       |     3 |    20 ||    23
Throw: Throwing net      |       |     1 |       ||     1
Evoke: Wand              |       |     5 |     5 ||    10
  Use: Potion            |     2 |       |     1 ||     3
 Stab: Invisible         |       |       |     7 ||     7
Armor: Leather armour    |     1 |     2 |     1 ||     4
       Troll leather arm |       |       |     3 ||     3
Dodge: Dodged            |     6 |       |    15 ||    21
       Rpst.: Scimitar   |       |       |     4 ||     4

Table legend: (Time is in decaauts)
 A = Elapsed time spent in this place.
 B = Non-inter-level travel time spent in this place.
 C = Inter-level travel time spent in this place.
 D = Time resting spent in this place.
 E = Time spent auto-exploring this place.
 F = Levels seen in this place.
 G = Mean time per level.
                   A        B        C        D        E       F      G
               +--------+--------+--------+--------+--------+-----+--------+
         Total |    205 |    205 |      0 |      0 |      0 |   1 |  205.0 |
       Dungeon |    205 |    205 |      0 |      0 |      0 |   1 |  205.0 |
               +--------+--------+--------+--------+--------+-----+--------+

Top non-repeatable levels by time:
       D: 205 daAuts
